 Dungeon Crawl Stone Soup version 0.30-a0-996-ga6910c8ee8 (webtiles) character file.

Game seed: 1958314179059596641

383 Juicyj the Chopper (level 6, -7/53 HPs)
             Began as a Minotaur Gladiator on Apr 4, 2023.
             Killed from afar by a steam dragon (10 damage)
             ... with a ball of steam
             ... on level 4 of the Dungeon.
             The game lasted 00:04:02 (2704 turns).

Juicyj the Chopper (Minotaur Gladiator)             Turns: 2704, Time: 00:04:03

Health: -7/53      AC:  4    Str: 20    XL:     6   Next: 47%
Magic:  5/5        EV: 13    Int:  5    God:
Gold:   184        SH:  0    Dex: 12    Spells: 5/5 levels left

rFire   . . .      SeeInvis .    a - +0 war axe
rCold   + . .      Faith    .    (no shield)
rNeg    . . .      Spirit   .    b - +0 leather armour
rPois   .          Reflect  .    c - +0 hat
rElec   .          Rampage  .    m - +0 cloak
rCorr   .                        (no gloves)
Will    .....                    (no boots)
Stlth   +                        (no amulet)
HPRegen 0.28/turn                q - ring of protection from cold
MPRegen 0.09/turn                (no ring)

@: no status effects
A: horns 2, retaliatory headbutt
a: no special abilities


You were on level 4 of the Dungeon.
You visited 1 branch of the dungeon, and saw 4 of its levels.

You collected 184 gold pieces.

Inventory:

Hand Weapons
 a - a +0 war axe (weapon)
Missiles
 d - a throwing net (quivered)
 e - a javelin
 s - 4 poisoned darts
Armour
 b - a +0 leather armour (worn)
 c - a +0 hat (worn)
 m - a +0 cloak (worn)
Jewellery
 q - a ring of protection from cold (left hand)
Wands
 r - a wand of polymorph (5)
Scrolls
 l - a scroll of noise
 n - a scroll of teleportation
 o - 2 scrolls of vulnerability
 p - a scroll of fog {unknown}
 t - a scroll of brand weapon {unknown}
 u - a scroll of amnesia {unknown}
 v - a scroll of magic mapping
Potions
 f - 2 potions of curing
 g - a potion of cancellation
 h - a potion of resistance {unknown}
 i - 3 potions of brilliance
 j - 2 potions of heal wounds
 k - a potion of mutation {unknown}


   Skills:
 + Level 4.6 Fighting
 + Level 5.4 Axes
 + Level 3.8 Throwing
 + Level 4.8 Dodging


You had 5 spell levels left.
You didn't know any spells.
Your spell library contained the following spells:

 Spells                   Type           Power      Damage    Failure   Level
 Necrotise                Necr           0%         1d4       54%         1
 Sandblast                Erth           0%         2d4       54%         1
 Slow                     Hex            0%         N/A       54%         1
 Summon Small Mammal      Summ           0%         N/A       54%         1
 Passwall                 Tmut/Erth      0%         N/A       67%         2
 Call Canine Familiar     Summ           0%         N/A       88%         3
 Confusing Touch          Hex            0%         N/A       88%         3
 Stone Arrow              Conj/Erth      0%         3d7       88%         3
 Summon Guardian Golem    Hex/Summ       0%         N/A       88%         3
 Vampiric Draining        Necr           0%         2d6       88%         3
 Agony                    Necr           0%         N/A       100%        5


Dungeon Overview and Level Annotations

Branches:
Dungeon (4/15)
 Temple: D:4-7

Altars:
The Shining One

Shops:
D:2 ?   D:3 !


Innate Abilities, Weirdness & Mutations

You have a pair of horns on your head.
You reflexively headbutt those who attack you in melee.


Message History

Moving in this stuff is going to be slow.
You see here a +1 hat.
An orc comes into view. It is wielding a +0 falchion.
The orc shouts!
The orc moves out of view.
An orc is nearby!
You slash the orc!
You kill the orc!
No target in view!
No target in view!
Things that are here:
a +0 falchion; an orc corpse
Found a stone staircase leading down.
There is a stone staircase leading down here.
v - a scroll of magic mapping A steam dragon comes into view.
The steam dragon hisses angrily.
You throw a throwing net. The throwing net hits the steam dragon.
The steam dragon is caught in the net!
The steam dragon struggles against the net.
The steam dragon struggles against the net.
The steam dragon breathes steam at you. The ball of steam hits you!!
The steam dragon struggles against the net.
You hear a shout!
You hit the steam dragon but do no damage.
You are engulfed in a cloud of scalding steam.
The steam dragon struggles against the net.
You are too injured to fight recklessly!
You are too injured to fight recklessly!
You are too injured to fight recklessly!
You hit the steam dragon.
You headbutt the steam dragon, but do no damage.
The steam dragon is lightly wounded.
You are engulfed in a cloud of scalding steam.
* * * LOW HITPOINT WARNING * * *
The steam dragon struggles against the net.
The steam dragon breathes steam at you. The ball of steam hits you!
You die...

*,* ********,,*****#.####.....##
*,* **.** #.# ##.#.###
*,***********,#.** ##.#####......
*,,,,,,,,,#*,**#.###.............
*********,#.** *#.....#######.###
*,*#.*##.##...# #.#
*.###.#.###§..#######.#
*.......D§.§§.........#
**####..@.§.§§#########
##########


You could see a steam dragon (caught, catching breath).

Vanquished Creatures
  A phantom (D:4)
  A bullfrog (D:4)
  A hound (D:4)
  Natasha (thrice) (D:3)
  4 gnolls (D:2)
  3 adders
  A shadow imp (D:4)
  A worm (D:2)
  A dart slug (D:3)
  3 orcs (D:4)
  9 bats
  4 endoplasms
  2 giant cockroaches
  7 goblins
  7 hobgoblins
  3 kobolds
  3 quokkas (D:1)
  7 ball pythons
  6 frilled lizards
  5 rats
72 creatures vanquished.

Notes
Turn   | Place    | Note
-------+----------+-------------------------------------------
     0 | D:1      | Juicyj the Minotaur Gladiator began the quest for the Orb.
     0 | D:1      | Reached XP level 1. HP: 18/18 MP: 0/0
   144 | D:1      | Reached XP level 2. HP: 25/25 MP: 1/1
   242 | D:1      | Found a faded altar of an unknown god.
   317 | D:1      | Reached skill level 4 in Axes
   566 | D:2      | Reached XP level 3. HP: 29/31 MP: 2/2
   700 | D:2      | Found Assuss Jaku's Magic Scroll Shop.
   807 | D:2      | Reached XP level 4. HP: 9/38 MP: 3/3
  1344 | D:3      | Found Liull's Distillery.
  1359 | D:3      | Noticed Natasha
  1371 | D:3      | Killed Natasha
  1433 | D:3      | Noticed Natasha
  1437 | D:3      | Killed Natasha
  1438 | D:3      | Reached XP level 5. HP: 46/46 MP: 4/4
  1443 | D:3      | Noticed Natasha
  1455 | D:3      | Killed Natasha
  1751 | D:3      | Found a glowing golden altar of the Shining One.
  2232 | D:4      | Reached skill level 5 in Axes
  2232 | D:4      | Reached XP level 6. HP: 49/53 MP: 5/5
  2696 | D:4      | Noticed a steam dragon
  2704 | D:4      | Killed from afar by a steam dragon

Illustrated notes

Levels and vault maps discovered:
D:1:      dpeg_arrival_rooms_with_view, layout_basic,
          shapermc_ecumenical_altar_mp_highgroup, kennysheep_crisscross
D:2:      layout_rooms, serial_shops, shop
D:3:      layout_loops_ring, nicolae_overflow_crystal_walls, serial_shops,
          nicolae_shop_advertising_works [nicolae_subvault_shop_adworks],
          nrook_mini_backslash, uniq_natasha
D:4:      cheibrodos_helix_gallery, layout_loops_ring,
          nicolae_overflow_two_pavilions, uniq_duvessa

Skill      XL: |  1  2  3  4  5 |
---------------+----------------+-----
Axes           | 4 5 |  5.4
Fighting       | 3 4 |  4.6
Dodging        | 4 |  4.8
Throwing       | 3 |  3.8

Action                     |  1- 3 |  4- 6 || total
---------------------------+-------+-------++-------
  Melee: War axe           |    64 |    77 ||   141
         Headbutt          |     7 |    10 ||    17
         Unarmed           |       |    11 ||    11
  Throw: Throwing net      |       |     4 ||     4
    Use: Potion            |       |     6 ||     6
         Scroll            |       |     5 ||     5
   Stab: Held in net/web   |       |     1 ||     1
 Armour: Leather armour    |    17 |    21 ||    38
         Skin              |       |     2 ||     2
  Dodge: Dodged            |    50 |    40 ||    90

Table legend: (Time is in decaauts)
 A = Elapsed time spent in this place.
 B = Non-inter-level travel time spent in this place.
 C = Inter-level travel time spent in this place.
 D = Time resting spent in this place.
 E = Time spent auto-exploring this place.
 F = Levels seen in this place.
 G = Mean time per level.
                   A        B        C        D        E       F      G
               +--------+--------+--------+--------+--------+-----+--------+
         Total |   2742 |   2659 |     83 |    248 |   1904 |   4 |  685.5 |
       Dungeon |   2742 |   2659 |     83 |    248 |   1904 |   4 |  685.5 |
               +--------+--------+--------+--------+--------+-----+--------+

Top non-repeatable levels by time:
     D:2: 780 daAuts
     D:3: 736 daAuts
     D:4: 658 daAuts
     D:1: 566 daAuts
